 Dungeon Crawl Stone Soup version 0.31.0-9-g3a7656b989 (webtiles) character file.

Game seed: 5229795577934071712

81 qw the Shooter (level 4, 0/22 HPs)
             Began as a Spriggan Hunter on Feb 2, 2024.
             Succumbed to their own poison gas
             ... on level 3 of the Dungeon.
             The game lasted 00:00:06 (1922 turns).

qw the Shooter (Spriggan Hunter)                    Turns: 1922, Time: 00:00:06

Health: 0/22       AC:  2    Str:  4 (7)  XL:     4   Next: 20%
Magic:  5/5        EV: 19    Int:  7 (10) God:
Gold:   74         SH:  0    Dex: 19 (20) Spells: 3/3 levels left

rFire   . . .        a - +1 shortbow
rCold   . . .        (shield currently unavailable)
rNeg    . . .        c - +0 robe
rPois   .            (helmet restricted)
rElec   .            (no cloak)
rCorr   .            (gloves unavailable)
SInv    +            (boots unavailable)
Will    .....        (no amulet)
Stlth   ++           (no ring)
HPRegen 0.23/turn    (no ring)
MPRegen 0.09/turn

%: no passive effects
@: lethally poisoned (0 -> -1), very quick
A: very small, no large weapons, unfitting armour, see invisible, speed 3
a: no special abilities


You were on level 3 of the Dungeon.
You visited 1 branch of the dungeon, and saw 3 of its levels.

You collected 74 gold pieces.


Innate Abilities, Weirdness & Mutations

You are very small and have problems with some larger weapons.
You are too small for most types of armour.
You have supernaturally acute eyesight. (SInv)
You cover ground extremely quickly. (Speed+++)


   Skills:
 - Level 1.5 Fighting
 - Level 5.1 Ranged Weapons
 + Level 4.3 Dodging
 - Level 1.5 Stealth


You had 3 spell levels left.
You didn't know any spells.
Your spell library was empty.

Inventory:

Hand Weapons
 a - a +1 shortbow (weapon)
Armour
 c - a +0 robe (worn)
Scrolls
 d - 3 scrolls of teleportation
Potions
 e - a potion of mutation
 f - a potion of heal wounds
 g - a potion of might
 j - a potion of berserk rage {unknown}

Dungeon Overview and Level Annotations

Branches:
Dungeon (3/15)

Altars:
Kikubaaqudgha

Shops:
D:3 [


Message History

Enter note:
Enter note:
Enter note:
Enter note:
Enter note:
Enter note:
Enter note:
Enter note:
Enter note:
Enter note:
Enter note:
Enter note:
Enter note: You are engulfed in poison gas.
You are lethally poisoned!
You feel very sick.
1912 ||| Stepping ~*~*~tactically~*~*~ (cloud).
You feel sick.
Things that are here:
a potion of degeneration; a scroll of poison; a ring of magical power
There is a lethal amount of poison in your body!
You feel very sick.
There is a lethal amount of poison in your body!
You feel very sick.
There is a lethal amount of poison in your body!
You feel very sick.
There is a lethal amount of poison in your body!
You feel sick.
There is a lethal amount of poison in your body!
You feel sick.
There is a lethal amount of poison in your body!
You feel sick.
There is a lethal amount of poison in your body!
You feel sick.
There is a lethal amount of poison in your body!
You feel sick.
There is a lethal amount of poison in your body!
You feel sick.
There is a lethal amount of poison in your body!
You die...

#.....#.#####.#
#.....#.#.....#
#.....#.#.#####
#######.#.#...#
######## #.#.#.#0#
.......####.#.#.#0#
..........#.#.#.#.#
.......##.#.#.#.#.#####
.......<#.#.#.#0@..0..#
#######.#.#.#.###.###.#
#.#.#.#.....# #.# #####
#.#.#.####### #.#
....###.#.#.......# #.#
........#.#######.# #.#
###.#.###.........# #.#
#...#....############.#
#.###..#.##.........#.#


There were no monsters in sight!

Vanquished Creatures
  A bombardier beetle (D:3)
  An adder (D:2)
  A gnoll (D:1)
  4 ball pythons
  4 bats
  4 endoplasms
  2 giant cockroaches
  4 goblins
  2 hobgoblins (D:1)
  2 quokkas (D:2)
  5 frilled lizards
  4 rats
34 creatures vanquished.

Notes
Turn   | Place    | Note
-------+----------+-------------------------------------------
     0 | D:1      | qw the Spriggan Hunter began the quest for the Orb.
     0 | D:1      | Reached XP level 1. HP: 10/10 MP: 2/2
     0 | D:1      | 0 ||| qw: Version: 0.3-a-155-g5e7d8dd
     0 | D:1      | 0 ||| qw: Game counter: 868
     0 | D:1      | 0 ||| qw: Melee chars always use a shield: true
     0 | D:1      | 0 ||| qw: God list: Okawaru
     0 | D:1      | 0 ||| qw: Allow faded altars: false
     0 | D:1      | 0 ||| qw: Do Orc after clearing Dungeon:15 true
     0 | D:1      | 0 ||| qw: Do second Lair branch before Depths: true
     0 | D:1      | 0 ||| qw: Lair rune preference: random
     0 | D:1      | 0 ||| qw: Goals: Normal
     0 | D:1      | 0 ||| PLANNING D:1-11
    55 | D:1      | Reached skill level 3 in Dodging
   174 | D:1      | Reached XP level 2. HP: 14/14 MP: 3/3
   497 | D:1      | Found a faded altar of an unknown god.
   560 | D:1      | 560 ||| READING scroll labelled MAACHO ZOABLUY.
   561 | D:1      | 561 ||| READING scroll labelled GOOPINW XEIMOL.
   564 | D:1      | 564 ||| DRINKING 2 brown potions.
   565 | D:1      | 565 ||| DROPPING scroll of butterflies.
   657 | D:2      | Reached XP level 3. HP: 18/18 MP: 4/4
   877 | D:2      | Found an ancient bone altar of Kikubaaqudgha.
  1083 | D:2      | 1083 ||| READING 2 scrolls labelled MOIWNI XAVUC.
  1083 | D:2      | 1083 ||| IDENTIFYING bubbling cyan potion
  1084 | D:2      | 1084 ||| READING scroll of identify.
  1084 | D:2      | 1084 ||| IDENTIFYING puce potion
  1085 | D:2      | 1085 ||| READING scroll labelled PURAVV WUTOPEE.
  1186 | D:2      | 1186 ||| READING scroll labelled PYLI TELE OZU.
  1186 | D:2      | 1186 ||| ENCHANTING +0 shortbow.
  1569 | D:3      | Reached skill level 5 in Ranged Weapons
  1569 | D:3      | Reached XP level 4. HP: 22/22 MP: 5/5
  1656 | D:3      | Found Farenkeu's Antique Armour Emporium.
  1807 | D:3      | 1807 ||| SHOPLISTING slimy cloak (266 gold, have 74).
  1807 | D:3      | 1807 ||| SHOPLISTING slimy robe (159 gold, have 74).
  1905 | D:3      | 1905 ||| DROPPING ring of magical power.
  1906 | D:3      | 1906 ||| READING 2 scrolls labelled ERIUW ALUNU.
  1907 | D:3      | 1907 ||| READING scroll labelled JAUKLAL HYCW.
  1908 | D:3      | 1908 ||| DRINKING 2 yellow potions.
  1909 | D:3      | 1909 ||| DROPPING scroll of poison.
  1910 | D:3      | 1910 ||| DROPPING potion of degeneration.
  1912 | D:3      | 1912 ||| Stepping ~*~*~tactically~*~*~ (cloud).
  1916 | D:3      | HP: 5/22 [poisoned by you (poison gas)]
  1920 | D:3      | HP: 2/22 [poisoned by you (poison gas)]
  1922 | D:3      | Succumbed to their own poison gas

Levels and vault maps discovered:
D:1:      wander_arrival_fairy_ring, layout_basic,
          hellmonk_ecumenical_altar_run_dry
D:2:      layout_basic, basic_altar, minivault_27
D:3:      layout_basic, serial_shops, nicolae_shop_overgrown_old_shop,
          minmay_misc_feat_roman, minmay_splitting_lines

Skill      XL: |  1  2  3 |
---------------+----------+-----
Dodging        | 3 4 |  4.3
Ranged Weapons | 5 |  5.1
Fighting       | |  1.5
Stealth        | |  1.5

Action                     |  1- 3 |  4- 6 || total
---------------------------+-------+-------++-------
   Fire: Shortbow          |    73 |    14 ||    87
    Use: Scroll            |     6 |     2 ||     8
         Potion            |     1 |     1 ||     2
 Armour: Robe              |     1 |     3 ||     4
  Dodge: Dodged            |     6 |    10 ||    16

Table legend:
 A = Non-vault XP
 B = Vault XP
 C = Vault XP percentage of total XP
 D = Non-vault monster count
 E = Vault monster count
 F = Vault count percentage of total count
                 A         B        C        D         E       F
            +---------+---------+-------+---------+---------+-------
      Total |     117 |       0 |   0.0 |      34 |       0 |   0.0
            +---------+---------+-------+---------+---------+-------
        D:1 |      36 |       0 |   0.0 |      16 |       0 |   0.0
        D:2 |      23 |       0 |   0.0 |       7 |       0 |   0.0
        D:3 |      58 |       0 |   0.0 |      11 |       0 |   0.0
            +---------+---------+-------+---------+---------+-------
